 Dungeon Crawl Stone Soup version 0.27-a0-1193-g8631133539 (webtiles) character file.

Game seed: 17561624617187302328

42 coolguy69 the Cutter (level 3, 0/20 HPs)
             Began as a Vine Stalker Monk on May 26, 2021.
             Succumbed to an adder's poison
             ... on level 2 of the Dungeon.
             The game lasted 00:01:07 (994 turns).

coolguy69 the Cutter (Vine Stalker Monk)             Turns: 994, Time: 00:01:08

Health: 0/20       AC:  5    Str: 14    XL:     3   Next: 56%
Magic:  3/4        EV: 11    Int: 10    God:
Gold:   106        SH:  0    Dex: 16    Spells: 2/2 levels left

rFire    . . .     SeeInvis .   a - +0 short sword
rCold    . . .     Faith    .   (no shield)
rNeg     . . .     Spirit   +   d - +0 ring mail
rPois    .         Reflect  .   (no helmet)
rElec    .         Harm     .   h - scarf {shadows}
rCorr    .         Rampage  .   (no gloves)
Will     .....                  (no boots)
Stlth    ++........             (no amulet)
HPRegen  0.06/turn              (no ring)
MPRegen  0.09/turn              (no ring)

@: lethally poisoned (0 -> -4), very slightly contaminated, invisible
A: fangs 2, magic shield, antimagic bite, no potion heal 2
a: no special abilities


You were on level 2 of the Dungeon.
You visited 1 branch of the dungeon, and saw 2 of its levels.

You collected 106 gold pieces.

Inventory:

Hand Weapons
 a - a +0 short sword (weapon)
Armour
 b - a +0 robe
 d - a +0 ring mail (worn)
 h - a scarf of shadows (worn)
Scrolls
 c - a scroll of teleportation {unknown}
 e - a scroll of enchant weapon {unknown}
 f - 2 scrolls of enchant armour {unknown}
 g - a scroll of noise {unknown}


   Skills:
 + Level 3.0 Fighting
 + Level 3.2 Short Blades
 + Level 0.2 Armour
 + Level 2.8 Dodging
 + Level 2.6 Stealth


You had 2 spell levels left.
You didn't know any spells.
Your spell library was empty.

Dungeon Overview and Level Annotations

Branches:
Dungeon (2/15)

Altars:


Innate Abilities, Weirdness & Mutations

You have extremely sharp teeth.
When hurt, damage is shared between your health and your magic reserves.
Your bite disrupts and absorbs the magic of your enemies.
Potions cannot restore your health.


Message History

The kobold hits you but does no damage. The adder barely misses you.
The adder bites you but does no damage.
You hit the adder.
The adder is almost dead.
The adder misses you. The adder bites you.
You are poisoned.
The adder poisons you! The kobold hits you but does no damage.
You hit the adder.
You kill the adder!
You feel sick. The adder bites you. The kobold closely misses you.
You hit the adder but do no damage. You bite the adder. You drain its power.
You feel invigorated.
The adder is moderately wounded.
You feel sick. The adder bites you but does no damage.
The rat bites you but does no damage. The kobold closely misses you.
You barely miss the adder.
The adder is moderately wounded.
You feel sick. The adder bites you. The rat bites you.
* * * LOW HITPOINT WARNING * * *
The kobold barely misses you. The adder barely misses you.
You are too injured to fight recklessly!
Unknown command.
You feel sick. The rat barely misses you.
The kobold hits you but does no damage.
You feel sick. The rat bites you but does no damage.
You feel sick.
You feel sick.
You are no longer poisoned.
The adder bites you but does no damage. The adder barely misses you.
The adder barely misses you.
It was a potion of invisibility.
You fade into invisibility!
The adder bites you.
You are lethally poisoned!
The adder poisons you!
You are very lightly contaminated with residual magic.
* * * LOW HITPOINT WARNING * * *
You feel sick. The adder closely misses you.
You die...

...........#
...........#
...........#
...........#
..###K##### #r#
#S# #.# #@#
#######.#
##########....##.#
#.......##.......#
#.......##.......#
#........).......#
##.#######.......#
#.#<............#
#.#.#.##........#


You could see an adder, a kobold and a rat.

Vanquished Creatures
  An adder (D:2)
  3 ball pythons (D:1)
  3 bats (D:1)
  2 endoplasms (D:1)
  A giant cockroach (D:1)
  7 goblins (D:1)
  4 hobgoblins
  3 quokkas (D:1)
  3 frilled lizards
  A kobold (D:1)
  3 rats
31 creatures vanquished.

Notes
Turn   | Place    | Note
-------+----------+-------------------------------------------
     0 | D:1      | coolguy69 the Vine Stalker Monk began the quest for the
                  | Orb.
     0 | D:1      | Reached XP level 1. HP: 11/11 MP: 2/2
   206 | D:1      | Reached XP level 2. HP: 16/16 MP: 3/3
   782 | D:1      | Reached XP level 3. HP: 20/20 MP: 4/4
   993 | D:2      | HP: 1/20 [poisoned by an adder]
   994 | D:2      | Succumbed to an adder's poison

Illustrated notes

Levels and vault maps discovered:
D:1:      eino_arrival_water_cross, layout_basic, chequers_serial_rivers_large_a
D:2:      layout_basic

Skill      XL: |  1  2 |
---------------+-------+-----
Fighting       | 3 |  3.0
Short Blades   | 3 |  3.2
Armour         | |  0.2
Dodging        | |  2.8
Stealth        | |  2.6

Action                   || total
-------------------------++-------
Melee: Short sword       ||    88
       Bite              ||    15
  Use: Potion            ||     1
 Stab: Sleeping          ||     4
Armor: Robe              ||     3
       Ring mail         ||    41
Dodge: Dodged            ||    69

Table legend: (Time is in decaauts)
 A = Elapsed time spent in this place.
 B = Non-inter-level travel time spent in this place.
 C = Inter-level travel time spent in this place.
 D = Time resting spent in this place.
 E = Time spent auto-exploring this place.
 F = Levels seen in this place.
 G = Mean time per level.
                   A        B        C        D        E       F      G
               +--------+--------+--------+--------+--------+-----+--------+
         Total |    998 |    989 |      9 |      0 |    726 |   2 |  499.0 |
       Dungeon |    998 |    989 |      9 |      0 |    726 |   2 |  499.0 |
               +--------+--------+--------+--------+--------+-----+--------+

Top non-repeatable levels by time:
     D:1: 900 daAuts
     D:2: 98 daAuts
